 Dungeon Crawl Stone Soup version 0.25-a0-308-geac79542e2 (webtiles) character file.

Game seed: 6449221971383793363, levelgen mode: deterministic

762859 Arthanis the Executioner (level 27, -19/194 HPs)
             Began as a Gargoyle Berserker on Dec 22, 2019.
             Was the Champion of the Shining One.
             Demolished by Antaeus
             ... wielding a +0 trident
              (31 damage)
             ... on level 7 of Cocytus.
             The game lasted 02:31:53 (47732 turns).

Arthanis the Executioner (Gargoyle Berserker)      Turns: 47732, Time: 02:31:53

Health: -19/194    AC: 51    Str: 27 (29) XL:     27
Magic:  20/35      EV: 20    Int: 24      God:    the Shining One [******]
Gold:   4586       SH:  0    Dex:  7      Spells: 21/36 levels left

rFire    . . .     SeeInvis +   g - +9 executioner's axe (holy)
rCold    + + .     Gourm    .   (shield currently unavailable)
rNeg     + + +     Faith    .   d - +4 gold dragon scales
rPois    ∞         Spirit   .   K - +0 hat of the Skies Above {+Inv Regen+}
rElec    +         Reflect  .   o - scarf {repulsion}
rCorr    .         Harm     .   v - +0 pair of gloves "Muyth" {rF- Str+4 Int+6 Slay+3}
MR       +++..                  G - +0 pair of boots {run}
Stlth    ..........             Z - amulet "Cyroynti" {+Rage MR+ Str+3 Dex-2 Slay+2}
HPRegen  0.82/turn              R - ring of Phasing {EV+8}
MPRegen  0.24/turn              b - ring of Rideakiu {+Fly rC+}

@: confused, frozen, flying, glowing, studying Armour, repel missiles, slow
A: big wings, horns 1, talons 1, repulsion field 1, see invisible, deterioration
1, dopey 1, low mp 1, negative energy resistance 1, electricity resistance,
unbreathing, petrification resistance, rot immunity, AC +20
}: 6/15 runes: decaying, serpentine, slimy, silver, bone, abyssal
a: Stop Flying, Divine Shield, Cleansing Flame, Summon Divine Warrior, Renounce
Religion, Evoke Berserk Rage, Evoke Invisibility


You were on level 7 of Cocytus.
You worshipped the Shining One.
The Shining One was exalted by your worship.
You were full.

You visited 14 branches of the dungeon, and saw 67 of its levels.
You visited the Abyss 2 times.
You visited 1 bazaar.
You also visited: Bailey and Gauntlet.

You collected 8608 gold pieces.
You spent 4022 gold pieces at shops.

Inventory:

Hand Weapons
 e - a +9 antimagic battleaxe
 g - a +9 executioner's axe of holy wrath (weapon)
Armour
 d - +4 gold dragon scales (worn)
 o - a scarf of repulsion (worn)
 v - the +0 pair of gloves "Muyth" (worn) {rF- Str+4 Int+6 Slay+3}
   (You found it on level 5 of the Pits of Slime)

   It affects your strength (+4).
   It affects your intelligence (+6).
   It affects your accuracy and damage with ranged weapons and melee attacks
   (+3).
   It makes you vulnerable to fire.
 G - a +0 pair of boots of running (worn)
 H - the +0 mask of the Dragon {MR+ Slay+3 SInv}
   (You bought it in a shop in a bazaar)

   It affects your accuracy and damage with ranged weapons and melee attacks
   (+3).
   It affects your resistance to hostile enchantments.
   It lets you see invisible.
 K - the +0 hat of the Skies Above (worn) {+Inv Regen+}
   (You acquired it on level 3 of the Elven Halls)

   It lets you turn invisible.
   It increases your rate of regeneration.
Jewellery
 b - the ring of Rideakiu (right hand) {+Fly rC+}
   (You found it on level 7 of Tartarus)

   [ring of flight]

   It protects you from cold.
   It lets you fly.
 p - an uncursed amulet of guardian spirit
 u - an uncursed amulet of regeneration
 y - a +6 ring of evasion
 L - the ring of Yviut {rPois rF+ rN+}
   (You found it on level 3 of the Crypt)

   [ring of positive energy]

   It protects you from fire.
   It protects you from poison.
   It protects you from negative energy.
 R - the ring of Phasing (left hand) {EV+8}
   (You found it in a Gauntlet)

   [ring of evasion]

   It affects your evasion (+8).
 V - the ring of Joruirae {rN+ Int+2 Dex+2}
   (You found it on level 3 of the Crypt)

   [ring of positive energy]

   It affects your intelligence (+2).
   It affects your dexterity (+2).
   It protects you from negative energy.
 Y - the ring of Ysmeamo {MP+9 Int+4}
   (You found it on level 5 of the Vaults)

   [ring of intelligence]

   It affects your intelligence (+4).
   It affects your magic capacity (+9).
 Z - the amulet "Cyroynti" (around neck) {+Rage MR+ Str+3 Dex-2 Slay+2}
   (You took it off a deep elf high priest on level 3 of the Elven Halls)

   [amulet of rage]

   It affects your strength (+3).
   It affects your dexterity (-2).
   It affects your accuracy and damage with ranged weapons and melee attacks
   (+2).
   It affects your resistance to hostile enchantments.
   It lets you go berserk.
Wands
 l - a wand of digging (15)
 F - a wand of flame (16)
 M - a wand of disintegration (45)
 S - a wand of acid (19)
 X - a wand of iceblast (27)
Scrolls
 f - 6 scrolls of fog
 n - 13 scrolls of fear
 x - 8 scrolls of immolation
 z - 3 scrolls of identify
 B - 4 scrolls of magic mapping
 C - 29 scrolls of remove curse
 E - 5 scrolls of blinking
 I - 2 scrolls of teleportation
 Q - 2 scrolls of holy word
 T - 3 scrolls of silence
 U - a scroll of summoning
Potions
 h - 7 potions of haste
 i - 6 potions of berserk rage
 j - 7 potions of brilliance
 k - 9 potions of heal wounds
 m - 3 potions of magic
 q - 5 potions of agility
 r - 3 potions of might
 s - 14 potions of curing
 w - 5 potions of resistance
 A - 6 potions of mutation
 J - 6 potions of ambrosia
 N - 5 potions of cancellation
Books
 W - a manual of Armour
Miscellaneous
 a - 4 sacks of spiders
 t - 5 boxes of beasts
 O - a lightning rod (4/4)
 P - a lamp of fire
Comestibles
 c - 49 rations
 D - a chunk of flesh


   Skills:
 - Level 25.6 Fighting
 - Level 26.0 Axes
 - Level 20.0 Armour
 - Level 10.0 Dodging
 - Level 5.0 Stealth
   Level 5.0 Shields
 - Level 5.0 Spellcasting
 - Level 5.0 Translocations
 * Level 23.8 Invocations
 - Level 15.1 Evocations


You had 21 spell levels left.
You knew the following spells:

 Your Spells              Type           Power        Failure   Level  Hunger
a - Blink                 Tloc           N/A          22%         2    None
b - Apportation           Tloc           ####..       14%         1    None
c - Deflect Missiles      Chrm/Air       #.........   100%        6    #######
d - Passwall              Tmut/Erth      #.......     86%         2    None
e - Passage of Golubria   Tloc           N/A          80%         4    ####...

Your spell library contained the following spells:

 Spells                   Type           Power        Failure   Level  Hunger
 Gell's Gravitas          Tloc           ####......   38%         3    ##.....
 Teleport Other           Tloc           ####....     38%         3    ##.....
 Animate Skeleton         Necr           N/A          73%         1    None
 Beastly Appendage        Tmut           #.....       73%         1    None
 Confusing Touch          Hex            #.....       73%         1    None
 Foxfire                  Conj/Fire      #...         73%         1    None
 Freeze                   Ice            #...         73%         1    None
 Magic Dart               Conj           #...         73%         1    None
 Pain                     Necr           #...         73%         1    None
 Shock                    Conj/Air       #...         73%         1    None
 Sting                    Tmut/Pois      #...         73%         1    None
 Summon Small Mammal      Summ           #...         73%         1    None
 Recall                   Summ/Tloc      N/A          75%         3    ##.....
 Call Imp                 Summ           #.......     86%         2    None
 Corpse Rot               Necr/Air       N/A          86%         2    None
 Poisonous Vapours        Pois/Air       #.....       86%         2    None
 Slow                     Hex            #.......     86%         2    None
 Sticks to Snakes         Tmut           #.......     86%         2    None
 Swiftness                Chrm/Air       #.......     86%         2    None
 Call Canine Familiar     Summ           #.......     97%         3    ##.....
 Conjure Flame            Conj/Fire      #.......     97%         3    ##.....
 Dazzling Flash           Conj/Hex       #.....       97%         3    ##.....
 Ignite Poison            Fire/Tmut/Pois #.......     97%         3    ##.....
 Inner Flame              Hex/Fire       #.......     97%         3    ##.....
 Mephitic Cloud           Conj/Pois/Air  #.......     97%         3    ##.....
 Ozocubu's Armour         Chrm/Ice       #.......     97%         3    ##.....
 Regeneration             Chrm/Necr      #.........   97%         3    ##.....
 Spider Form              Tmut/Pois      #.........   97%         3    ##.....
 Static Discharge         Conj/Air       #.......     97%         3    ##.....
 Summon Guardian Golem    Hex/Summ       #.......     97%         3    ##.....
 Vampiric Draining        Necr           #.........   97%         3    ##.....
 Iskenderun's Mystic Bla  Conj/Tloc      ###.....     98%         4    ####...
 Airstrike                Air            #.........   100%        4    ####...
 Animate Dead             Necr           N/A          100%        4    ####...
 Cause Fear               Hex            #.........   100%        4    ####...
 Fulminant Prism          Conj/Hex       #.........   100%        4    ####...
 Hailstorm                Conj/Ice       #.......     100%        4    ####...
 Ice Form                 Ice/Tmut       #.......     100%        4    ####...
 Leda's Liquefaction      Hex/Erth       #.........   100%        4    ####...
 Olgreb's Toxic Radiance  Pois           #.......     100%        4    ####...
 Petrify                  Tmut/Erth      #.......     100%        4    ####...
 Sticky Flame             Conj/Fire      #.......     100%        4    ####...
 Summon Ice Beast         Ice/Summ       #.......     100%        4    ####...
 Summon Lightning Spire   Summ/Air       #.......     100%        4    ####...
 Agony                    Necr           #.......     100%        5    #####..
 Alistair's Intoxication  Tmut/Pois      #.......     100%        5    #####..
 Aura of Abjuration       Summ           #.........   100%        5    #####..
 Blade Hands              Tmut           #.........   100%        5    #####..
 Bolt of Magma            Conj/Fire/Erth #.........   100%        5    #####..
 Borgnjor's Vile Clutch   Necr/Erth      #.........   100%        5    #####..
 Dispel Undead            Necr           #.......     100%        5    #####..
 Excruciating Wounds      Chrm/Necr      #.........   100%        5    #####..
 Fireball                 Conj/Fire      #.........   100%        5    #####..
 Irradiate                Conj/Tmut      #.........   100%        5    #####..
 Iskenderun's Battlesphe  Conj/Chrm      #.......     100%        5    #####..
 Lee's Rapid Deconstruct  Erth           #.........   100%        5    #####..
 Lightning Bolt           Conj/Air       #.........   100%        5    #####..
 Silence                  Hex/Air        #.........   100%        5    #####..
 Summon Demon             Summ           #.........   100%        5    #####..
 Summon Forest            Summ/Tloc      ###.......   100%        5    #####..
 Summon Mana Viper        Hex/Summ       #.......     100%        5    #####..
 Yara's Violent Unravell  Hex/Tmut       #.........   100%        5    #####..
 Darkness                 Hex            #.........   100%        6    #######
 Death Channel            Necr           #.........   100%        6    #######
 Dispersal                Tloc           ####......   100%        6    #######
 Eringya's Noxious Bog    Tmut/Pois      #.........   100%        6    #######
 Freezing Cloud           Conj/Ice/Air   #.........   100%        6    #######
 Hydra Form               Tmut           #.........   100%        6    #######
 Invisibility             Hex            #.......     100%        6    #######
 Iron Shot                Conj/Erth      #.........   100%        6    #######
 Ozocubu's Refrigeration  Ice            #.........   100%        6    #######
 Shadow Creatures         Summ           N/A          100%        6    #######
 Simulacrum               Ice/Necr       #.........   100%        6    #######
 Starburst                Conj/Fire      #.........   100%        6    #######
 Dragon Form              Tmut           #.........   100%        7    #######
 Malign Gateway           Summ/Tloc      ###.......   100%        7    #######
 Monstrous Menagerie      Summ           #.........   100%        7    #######
 Orb of Destruction       Conj           #.........   100%        7    #######
 Ring of Flames           Chrm/Fire      #.........   100%        7    #######
 Spellforged Servitor     Conj/Summ      #.........   100%        7    #######
 Summon Greater Demon     Summ           #.........   100%        7    #######
 Chain Lightning          Conj/Air       #.........   100%        8    #######
 Discord                  Hex            #.........   100%        8    #######
 Lehudib's Crystal Spear  Conj/Erth      #.........   100%        8    #######
 Summon Horrible Things   Summ           #.........   100%        8    #######
 Dragon's Call            Summ           #.........   100%        9    #######
 Fire Storm               Conj/Fire      #.........   100%        9    #######
 Glaciate                 Conj/Ice       #.........   100%        9    #######
 Shatter                  Erth           #.........   100%        9    #######
 Tornado                  Air            #.........   100%        9    #######
 Sublimation of Blood     Necr           Unusable     N/A         2    N/A
 Statue Form              Tmut/Erth      Unusable     N/A         6    N/A

Dungeon Overview and Level Annotations

Branches:
Dungeon (15/15)            Temple (1/1) D:5            Lair (5/6) D:9
  Swamp (4/4) Lair:2        Snake (4/4) Lair:2        Slime (5/5) Lair:5
    Orc (2/2) D:10            Elf (3/3) Orc:2        Vaults (5/5) D:13
  Crypt (3/3) Vaults:2       Tomb (0/3) Crypt:3      Depths (5/5) D:15
   Hell (visited)             Dis (0/7) Hell            Geh (0/7) Hell
    Coc (7/7) Hell            Tar (7/7) Hell            Zot (0/5) Depths:5
 Bailey (visited)         Gauntlet (visited)

Altars:
Ashenzari
Dithmenos
Hepliaklqana
Kikubaaqudgha
Makhleb
Nemelex Xobeh
Qazlal
Ru
Sif Muna
Trog
Vehumet
Wu Jian
Xom
Zin
The Shining One
Beogh
Jiyva

Shops:
D:5 }   D:14 [   Orc:2 ?*[%[:}   Vaults:1 (   Vaults:3 [   Vaults:4 (
Depths:4 }   Depths:5 %!=}

Portals:
Hell: Depths:1 Depths:2 Depths:3 Depths:4 Depths:5
Abyss: Depths:4 Depths:5
Pandemonium: Depths:3
Ziggurat: Depths:1

Annotations:
Lair:1 2 transporters, Serycw's ghost, journeyman HOMo
Coc:7 Antaeus


Innate Abilities, Weirdness & Mutations

You are resistant to torment.
Your stone body is resilient. (AC +20)
You are immune to poison.
Your large and strong wings let you fly indefinitely.
You resist negative energy. (rN+)
You are resistant to electric shocks. (rElec)
You can survive without breathing.
You are immune to petrification.
You are immune to rotting.
You have a pair of small horns on your head.
You have sharp toenails.
You are surrounded by a mild repulsion field. (EV +2)
You have supernaturally acute eyesight. (SInv)
Your body sometimes deteriorates upon taking damage.
You are dopey. (Int -2)
Your magical capacity is low. (-10% MP)


Message History

Antaeus convulses!!
Your daeva hits Antaeus with a +3 scimitar of holy wrath!
Antaeus convulses!
Antaeus hits your angel with a +0 trident!!
Antaeus freezes your angel!!!
Antaeus hits your angel with a +0 trident!
Your angel dies!
Antaeus says, "Return whence thou came, thou goatish ill-nurtured coxcomb!"
Your daeva hits Antaeus with a +3 scimitar of holy wrath!
Antaeus convulses!
Your daeva hits Antaeus with a +3 scimitar of holy wrath!
Antaeus convulses.
Antaeus gestures at you.
The flash freeze hits you but does no damage.
You are encased in ice.
Your daeva hits Antaeus with a +3 scimitar of holy wrath.
Antaeus convulses.
Your daeva hits Antaeus but does no damage.
Antaeus hits you from afar with a +0 trident!!
You die...

≈≈≈≈≈≈≈≈≈≈≈≈## #≈≈≈≈≈≈≈≈
≈≈≈≈≈≈≈≈≈≈≈≈≈# ##≈≈≈≈≈≈≈≈
≈≈≈...≈≈≈≈≈≈≈# #≈≈≈≈≈.∩.≈
≈......≈≈≈≈≈≈# #≈≈≈....).
.........≈≈≈≈# #≈≈≈.∩.†.∩
..........≈≈≈# #≈≈....≈..
......CA...≈≈# #≈≈..≈≈≈≈.
#.....≈###≈..≈≈≈≈≈.
##@...≈##≈≈.≈≈≈≈≈≈≈ ..
#....≈##≈≈≈≈≈≈≈≈≈≈ ≈....
#....≈##≈≈≈≈≈≈≈#≈≈ #≈....
#....≈##≈≈≈≈≈≈≈#≈≈ ##≈≈...##
##....≈##≈≈≈≈≈≈≈#≈≈
####≈≈....#####))..≈≈##≈≈≈≈≈≈≈#≈≈
####≈≈≈.........÷.≈≈##≈≈≈≈≈≈≈≈#≈≈
####≈≈≈...........≈≈##≈≈≈≈≈≈≈≈#≈≈
####≈≈≈≈...^.....≈≈###≈≈..≈≈≈≈#≈≈


You could see Antaeus and a friendly daeva.

Vanquished Creatures
  the Royal Jelly (Slime:5)
  Ereshkigal (Tar:7)
  5 ancient liches
  A juggernaut (Depths:3)
  Boris (thrice) (Depths:3 Depths:5 Crypt:2)
  8 shard shrikes
  Sojobo (Crypt:2)
  Xtahua (Depths:3)
  A caustic shrike (Depths:3)
  4 golden dragons
  Geryon (Hell)
  Nikola (Vaults:1)
  9 bone dragons
  7 doom hounds
  A hellephant (Hell)
  Rupert (D:14)
  11 Tzitzimimeh (Tar:7)
  5 tentacled monstrosities
  Asterion (Vaults:4)
  8 Ice Fiends (Coc:7)
  10 liches
  2 quicksilver dragons
  2 deep elf blademasters (Elf:3)
  2 deep elf master archers (Elf:3)
  6 tentacled starspawn
  Murray (Hell)
  4 titans
  15 acid blobs
  9 sphinxes
  5 ancient champions
  Agnes (Vaults:4)
  2 thorn hunters
  4 storm dragons
  14 tengu reavers
  13 shadow dragons
  A draconian monk (Depths:4)
  8 azure jellies
  9 nagarajas
  Roxanne (Elf:1)
  14 vault wardens
  2 draconian knights
  16 frost giants
  15 fire giants
  2 revenants
  A curse skull (Crypt:3)
  7 deep elf sorcerers
  3 iron dragons
  5 draconian scorchers
  4 ghouls (Crypt:1)
  3 spriggan defenders
  2 balrugs (Hell)
  2 deep elf elementalists
  An orc warlord (Vaults:5)
  23 reapers
  2 cacodemons
  12 ironheart preservers
  2 draconian annihilators (Depths:4)
  36 stone giants
  35 very ugly things
  An entropy weaver (shapeshifter) (Depths:3)
  5 elemental wellsprings
  An entropy weaver (Vaults:4)
  9 war gargoyles
  A lorocyproca (Depths:3)
  8 vampire knights
  8 deep elf demonologists
  A green draconian (Depths:5)
  21 starcursed masses
  Azrael (Elf:2)
  8 deep elf annihilators
  A yellow draconian (Depths:5)
  2 white draconians (Depths:5)
  6 spark wasps
  A minotaur (Gauntlet)
  18 death oozes (Slime:5)
  2 eidola (Crypt:2)
  5 deep elf death magi
  16 jiangshi
  10 blizzard demons
  3 deep elf high priests
  13 ettins
  18 great orbs of eyes
  2 quicksilver dragon zombies
  17 fire dragons
  A mummy priest (Crypt:3)
  17 ogre magi
  21 yaktaur captains
  Josephine (Orc:2)
  7 rakshasas
  3 kraken zombies
  14 naga warriors
  2 shambling mangroves
  21 vault guards
  A hell beast (Depths:3)
  20 hydras
  25 ice dragons
  4 quicksilver dragon skeletons
  An ice dragon (shapeshifter) (Vaults:5)
  13 centaur warriors
  A spriggan air mage (Depths:3)
  3 ghost crabs
  4 death knights
  8 anacondas
  54 two-headed ogres
  4 death yaks (Lair:5)
  11 deep troll earth magi
  24 dancing weapons
  11 deep troll shamans
  16 alligators
  8 vampire magi
  3 orc high priests (Orc:2)
  5 titan zombies
  A spriggan berserker (Depths:4)
  Urug (Lair:3)
  5 tengu warriors
  12 naga sharpshooters
  2 iron golems (Hell)
  3 thrashing horrors (Abyss:3)
  18 hell knights
  3 shock serpents
  A shock serpent (shapeshifter) (Depths:4)
  3 sun demons (Hell)
  21 deep elf knights
  2 storm dragon zombies
  5 soul eaters
  8 wretched stars
  A fire crab (Swamp:4)
  3 storm dragon skeletons
  A fire crab (shapeshifter) (Vaults:1)
  3 titan skeletons
  4 iron trolls
  A sixfirhy (Abyss:3)
  2 spriggan druids
  3 spatial maelstroms
  5 anaconda zombies
  A golden dragon zombie (Coc:7)
  A death drake (Depths:4)
  2 salamander mystics
  A shadow wraith (Vaults:3)
  36 deep trolls
  4 unseen horrors
  2 quicksilver dragon simulacra
  3 lindwurms
  2 infernal demonspawn (Depths:3)
  91 skeletal warriors
  4 glowing orange brains
  5 flayed ghosts
  15 swamp dragons
  3 shadow dragon zombies
  4 wizards
  23 deep elf archers
  2 naga ritualists
  16 phantasmal warriors
  7 shadow demons (Tar:7)
  An iron giant skeleton (Crypt:1)
  A lindwurm (shapeshifter) (Depths:4)
  4 mana vipers
  2 iron dragon zombies
  7 ironbrand convokers
  3 tengu zombies
  3 anaconda skeletons
  10 necromancers
  An orb spider (shapeshifter) (Depths:1)
  Pikel (D:9)
  17 orc knights
  2 wolf spider zombies
  34 ugly things
  A mana viper (shapeshifter) (Vaults:5)
  3 golden dragon skeletons
  2 stone giant zombies
  3 shadow dragon skeletons
  7 orc sorcerers
  2 wolf spiders
  62 deep elf magi
  2 frost giant zombies
  A manticore (shapeshifter) (D:13)
  3 frost giant skeletons
  4 draconians (Abyss:5)
  2 fire giant zombies
  An iron dragon skeleton (Coc:5)
  21 cyclopes
  19 large abominations
  6 salamanders
  2 manticores
  4 worldbinders
  9 fire giant skeletons
  2 sphinx zombies
  Maurice (Orc:2)
  9 rust devils
  25 black mambas
  A dire elephant zombie (Coc:5)
  12 vault sentinels
  A water nymph (shapeshifter) (Vaults:5)
  2 apocalypse crabs
  A molten gargoyle (Swamp:4)
  An eye of devastation (shapeshifter) (Vaults:4)
  17 naga magi
  2 torpor snails
  An ice statue (Coc:7)
  10 spiny frogs
  2 stone giant skeletons
  3 orange demons
  5 gargoyles
  3 dire elephant skeletons
  A torpor snail (shapeshifter) (Depths:3)
  4 guardian serpents
  6 smoke demons
  A komodo dragon (shapeshifter) (Elf:1)
  6 kobold demonologists
  27 ice devils
  51 yaktaurs
  An alligator snapping turtle skeleton (Crypt:2)
  2 rime drakes (Depths:4)
  2 emperor scorpion zombies
  A hellion (Tar:2)
  A yaktaur zombie (Hell)
  6 komodo dragons
  A yaktaur (shapeshifter) (Vaults:1)
  A spriggan zombie (Hell)
  2 anaconda simulacra
  36 freezing wraiths
  4 ancient zymes
  A spark wasp simulacrum (Depths:3)
  16 tormentors
  2 tengu conjurers
  2 hellwings
  13 hydra zombies
  2 red devils
  9 trolls
  2 silent spectres
  9 tyrant leeches
  A jumping spider (Vaults:5)
  8 polar bears
  A blink frog (shapeshifter) (Vaults:1)
  12 hornets
  A jumping spider (shapeshifter) (Vaults:1)
  A merfolk (D:9)
  A shadow dragon simulacrum (Coc:2)
  A guardian serpent zombie (Crypt:1)
  2 harpy skeletons
  11 raiju
  13 bog bodies
  2 fire dragon zombies
  16 blink frogs
  60 slime creatures
  8 hydra skeletons
  6 hippogriffs
  2 deep troll zombies (Hell)
  A black mamba zombie (Crypt:2)
  2 dream sheep (shapeshifter)
  6 alligator zombies
  4 ettin zombies
  11 fire dragon skeletons
  3 air elementals
  43 flying skulls
  13 shadows
  2 ice dragon skeletons
  3 alligator skeletons
  5 spriggans
  A ynoxinul (Depths:3)
  5 redbacks
  4 wyverns
  4 vampires (Crypt:3)
  8 water elementals
  35 yaks
  3 basilisks
  3 ettin skeletons
  24 wraiths
  16 humans (D:13)
  9 fire elementals
  A golden eye (shapeshifter) (Vaults:4)
  A human (shapeshifter) (Depths:1)
  6 neqoxecs
  13 hungry ghosts
  A wind drake zombie (Crypt:2)
  5 chaos spawn
  32 vampire mosquitoes
  2 steam dragons
  5 insubstantial wisps
  2 wargs
  59 nagas
  A deep troll skeleton (Crypt:2)
  A soldier ant (D:13)
  2 spatial vortices (Abyss:4)
  25 swamp worms
  4 spiny frog zombies
  5 acid dragons
  A hydra simulacrum (Coc:7)
  11 water moccasins
  12 hell hounds
  8 porcupines
  A floating eye (shapeshifter) (Depths:2)
  An alligator simulacrum (Hell)
  2 eyes of draining (shapeshifter)
  6 ice beasts
  56 orc warriors
  4 sky beasts
  A hornet zombie (Crypt:1)
  4 snapping turtle zombies
  2 spiny frog skeletons
  2 phantoms
  21 swamp drakes
  2 black bears
  3 eyes of draining
  13 necrophages
  4 slaves (D:9)
  3 human zombies
  41 ogres
  A swamp dragon zombie (Crypt:3)
  8 wolves
  A manticore zombie (Coc:2)
  2 swamp dragon skeletons
  22 centaurs
  2 elf skeletons
  A lindwurm skeleton (Crypt:1)
  10 crocodiles
  A snapping turtle skeleton (Tar:7)
  A crocodile (shapeshifter) (Depths:3)
  5 big kobolds
  A glowing shapeshifter simulacrum (Vaults:1)
  9 bullfrogs
  An earth elemental (Elf:3)
  5 small abominations
  A spiny frog simulacrum (Coc:6)
  6 scorpions
  A water moccasin skeleton (D:8)
  2 wyvern skeletons
  A troll zombie (Tar:6)
  A yak zombie (Crypt:1)
  22 wights
  9 electric eels
  A howler monkey (D:5)
  5 crimson imps
  3 human simulacra
  3 quasits
  A bullfrog zombie (D:11)
  3 bullfrog skeletons
  A hound (shapeshifter) (D:15)
  4 hounds
  3 jellies
  2 iron imps
  26 orc priests
  44 orc wizards
  8 centaur skeletons
  A human skeleton (Tar:2)
  6 iguanas
  7 hell rats (Hell)
  9 worker ants
  A killer bee zombie (Crypt:2)
  A naga zombie (Tar:7)
  A hound zombie (D:6)
  2 hound skeletons
  A worker ant zombie (D:7)
  12 adders
  5 gnolls
  A swamp drake skeleton (Crypt:2)
  19 shadow imps
  5 white imps
  An ufetubus (Abyss:3)
  5 oozes
  2 adder zombies
  An adder skeleton (D:4)
  A lava snake skeleton (Crypt:1)
  A barachi skeleton (Crypt:2)
  3 dart slugs
  4 leopard geckos
  145 orcs
  5 giant cockroaches
  18 goblins
  14 hobgoblins
  3 quokkas
  A ball python skeleton (Crypt:2)
  5 bats
  6 frilled lizards
  A giant cockroach zombie (D:5)
  18 kobolds
  A leopard gecko skeleton (D:8)
  A leopard gecko zombie (D:5)
  A quokka skeleton (D:7)
  12 rats
  30 briar patches
  4 crawling corpses
  9 plants
  6 starspawn tentacles
  5 tentacles
  3 withered plants (Crypt:3)
3033 creatures vanquished.

Vanquished Creatures (collateral kills)
  An Executioner (Abyss:5)
  A cacodemon (Abyss:5)
  A very ugly thing (Abyss:5)
  A dancing weapon (Elf:1)
  A sun demon (Abyss:5)
  2 deep elf magi (Elf:1)
  2 ugly things (D:15)
  An efreet (D:15)
  A bog body (Coc:7)
  A raiju (Abyss:5)
  A large abomination (Abyss:5)
  A vampire mosquito (D:15)
  A starspawn tentacle (Abyss:5)
15 creatures vanquished.

Vanquished Creatures (others)
  An ancient lich (Abyss:5)
  An entropy weaver (Vaults:5)
  4 vault guards (Vaults:5)
  An ogre mage (Vaults:5)
  A deep elf knight (Vaults:5)
  A swamp dragon (Swamp:4)
  2 large abominations
  A yaktaur (Vaults:2)
  2 steam dragons (Swamp:4)
  An insubstantial wisp (Swamp:1)
  A warg (Vaults:5)
  3 swamp drakes (Swamp:4)
  2 wights (Tar:2)
  An orc (Orc:1)
  A fungus (Lair:3)
  A plant (Depths:1)
  12 starspawn tentacles
  9 tentacles
45 creatures vanquished.

Grand Total: 3093 creatures vanquished

Notes
Turn   | Place    | Note
-------+----------+-------------------------------------------
     0 | D:1      | Arthanis the Gargoyle Berserker began the quest for the
                  | Orb.
     0 | D:1      | Reached XP level 1. HP: 14/14 MP: 1/1
    86 | D:1      | Reached XP level 2. HP: 12/19 MP: 2/2
   105 | D:1      | Reached skill level 3 in Axes
   232 | D:1      | Reached XP level 3. HP: 12/23 MP: 3/3
   315 | D:1      | Reached ** piety under Trog
   692 | D:2      | Noticed an ice beast
   704 | D:2      | Killed an ice beast
   704 | D:2      | Reached skill level 4 in Axes
   704 | D:2      | Reached XP level 4. HP: 24/29 MP: 4/4
   704 | D:2      | Reached XP level 5. HP: 27/33 MP: 5/5
   707 | D:2      | Found a shimmering altar of Xom.
   809 | D:2      | Noticed an ogre
   815 | D:2      | Killed an ogre
   815 | D:2      | Reached XP level 6. HP: 39/39 MP: 6/6
  1528 | D:3      | Reached skill level 5 in Axes
  1759 | D:3      | Reached skill level 5 in Fighting
  1811 | D:3      | Reached *** piety under Trog
  1811 | D:3      | Reached XP level 7. HP: 43/44 MP: 7/7
  2560 | D:4      | Reached skill level 6 in Axes
  2763 | D:5      | Entered Level 5 of the Dungeon
  2918 | D:5      | Reached XP level 8. HP: 20/51 MP: 8/8
  2969 | D:5      | Found a staircase to the Ecumenical Temple.
  2977 | D:5      | Reached skill level 7 in Axes
  3104 | D:5      | Found Woikki Lemau's Gadget Boutique.
  3220 | D:5      | Found an ornate altar of the Wu Jian Council.
  3287 | D:5      | Found a glowing silver altar of Zin.
  3631 | D:6      | Found a radiant altar of Vehumet.
  3755 | D:6      | Found a stormy altar of Qazlal.
  3882 | D:6      | Reached skill level 8 in Axes
  4027 | D:6      | Reached XP level 9. HP: 46/57 MP: 9/9
  4032 | D:6      | Reached **** piety under Trog
  4462 | D:7      | Reached skill level 5 in Armour
  4658 | D:7      | Paralysed by fainting for 11 turns
  4956 | D:7      | Reached skill level 9 in Axes
  5639 | D:8      | Reached XP level 10. HP: 64/64 MP: 10/10
  5777 | D:8      | Noticed a two-headed ogre
  5785 | D:8      | Reached skill level 1 in Evocations
  5795 | D:8      | Killed a two-headed ogre
  5795 | D:8      | Reached skill level 10 in Axes
  5849 | D:8      | Got a steaming leather armour
  5945 | D:8      | Identified the cursed +0 leather armour "Telipsul" {rPois}
                  | (You found it on level 8 of the Dungeon)
  6251 | D:9      | Found the +4 robe of Augmentation {Str+4 Int+4 Dex+4}
  6275 | D:9      | Noticed Pikel
  6290 | D:9      | Killed Pikel
  6453 | D:9      | Found a roughly hewn altar of Beogh.
  6471 | D:9      | Reached ***** piety under Trog
  6471 | D:9      | Received a gift from Trog
  6614 | D:9      | Found a shattered altar of Ashenzari.
  6691 | D:9      | Reached XP level 11. HP: 63/71 MP: 13/13
  6829 | D:9      | Reached skill level 11 in Axes
  6957 | D:9      | Found a staircase to the Lair.
  7107 | D:10     | Entered Level 10 of the Dungeon
  7160 | D:10     | Reached skill level 10 in Fighting
  7252 | D:10     | Reached skill level 1 in Shields
  7302 | D:10     | Received a gift from Trog
  7547 | D:10     | Noticed a two-headed ogre
  7553 | D:10     | Killed a two-headed ogre
  7778 | D:10     | Found a staircase to the Orcish Mines.
  7949 | D:11     | Found a flagged portal.
  7968 | Bailey   | Entered a bailey
  8011 | Bailey   | Found an iron altar of Okawaru.
  8172 | Bailey   | Got a scorched hand axe
  8198 | Bailey   | Noticed an orc knight
  8213 | Bailey   | Killed an orc knight
  8255 | Bailey   | Noticed an orc knight
  8268 | Bailey   | Received a gift from Trog
  8268 | Bailey   | Reached skill level 5 in Evocations
  8274 | Bailey   | Killed an orc knight
  8585 | D:11     | Noticed a soul eater
  8598 | D:11     | Reached XP level 12. HP: 78/78 MP: 16/16
  8602 | D:11     | Reached skill level 12 in Axes
  9109 | D:12     | Got a vibrating marble ring
  9242 | D:12     | Got a faintly glowing war axe
  9286 | D:12     | Identified the ring of the Illusory Eyes {*Tele rPois
                  | Int+3} (You found it on level 12 of the Dungeon)
  9493 | D:13     | Found a gate to the Vaults.
  9493 | D:13     | Noticed a centaur warrior
  9493 | D:13     | Noticed a two-headed ogre
  9493 | D:13     | Noticed a four-headed hydra
  9504 | D:12     | Killed a four-headed hydra
  9595 | D:13     | Killed a centaur warrior
  9597 | D:13     | Reached skill level 13 in Axes
  9604 | D:13     | Killed a two-headed ogre
  9613 | D:13     | Received a gift from Trog
  9694 | D:13     | Noticed a centaur warrior
  9702 | D:13     | Killed a centaur warrior
  9702 | D:13     | Reached XP level 13. HP: 73/85 MP: 17/17
 10158 | D:13     | Identified the +7 war axe of the Feather {vamp, rPois MR-
                  | Str+2} (You found it on level 12 of the Dungeon)
 10159 | D:13     | Identified the +12 hand axe of the Imperium {freeze, rN+
                  | Str+3} (You found it in a bailey)
 10217 | D:14     | Reached skill level 14 in Axes
 10244 | D:14     | You fall into a shaft and drop 1 floor!
 10244 | D:15     | Entered Level 15 of the Dungeon
 10250 | D:15     | Noticed an ettin
 10250 | D:15     | Noticed an ogre mage
 10257 | D:15     | Killed an ogre mage
 10508 | D:14     | Noticed Rupert
 10526 | D:14     | Killed Rupert
 10702 | D:14     | Found Eraetezon's Armour Shoppe.
 10721 | D:14     | Bought a scarf of spirit shield for 99 gold pieces
 10861 | Orc:1    | Entered Level 1 of the Orcish Mines
 10883 | Orc:1    | Reached skill level 15 in Axes
 10965 | Orc:1    | Received a gift from Trog
 11274 | Orc:2    | Entered Level 2 of the Orcish Mines
 11294 | Orc:2    | Found Pic Nos's Gadget Boutique.
 11318 | Orc:2    | Found Baffuph's General Store.
 11345 | Orc:2    | Gained mutation: Your large and strong wings let you fly
                  | indefinitely. [Gargoyle growth]
 11345 | Orc:2    | Reached XP level 14. HP: 94/94 MP: 12/18
 11421 | Orc:2    | Noticed Maurice
 11446 | Orc:2    | Killed Maurice
 11473 | Orc:2    | Found Ocse's Magic Scroll Boutique.
 11481 | Orc:2    | Bought a scroll of teleportation for 33 gold pieces
 11481 | Orc:2    | Bought a scroll of identify for 22 gold pieces
 11481 | Orc:2    | Bought a scroll of identify for 22 gold pieces
 11481 | Orc:2    | Bought a scroll of identify for 22 gold pieces
 11481 | Orc:2    | Bought a scroll of magic mapping for 38 gold pieces
 11481 | Orc:2    | Bought a scroll of enchant weapon for 82 gold pieces
 11481 | Orc:2    | Bought a scroll of teleportation for 33 gold pieces
 11481 | Orc:2    | Bought a scroll of identify for 22 gold pieces
 11636 | Orc:2    | Found a staircase to the Elven Halls.
 11712 | Orc:2    | Noticed Josephine
 11725 | Orc:2    | Received a gift from Trog
 11726 | Orc:2    | Found Yney's Book Shoppe.
 11726 | Orc:2    | Found Jeymp's Armour Shoppe.
 11739 | Orc:2    | Killed Josephine
 11805 | Orc:2    | Paralysed by an orc sorcerer for 3 turns
 11900 | Orc:2    | Reached skill level 16 in Axes
 11935 | Orc:2    | Found Tiomur's Armour Boutique.
 11936 | Orc:2    | Found Faydgh's Food Boutique.
 11984 | Orc:2    | Bought the +3 buckler "Meonaes" {+Inv Slay+5 SInv Stlth-}
                  | for 802 gold pieces
 11986 | Orc:2    | Bought a scarf of repulsion for 132 gold pieces
 12357 | D:15     | Received a gift from Trog
 12522 | D:15     | Found a staircase to the Depths.
 12677 | D:15     | Reached XP level 15. HP: 87/101 MP: 16/19
 13172 | Lair:1   | Entered Level 1 of the Lair of Beasts
 13256 | Lair:1   | Identified the ring of Xom's Absentmindedness {rF+ rC+ rN+
                  | MR+ Dex-4}
 13257 | Lair:1   | Found a transporter.
 13261 | Lair:1   | Found a transporter.
 13262 | Lair:1   | Noticed Serycw's ghost (journeyman HOMo)
 13278 | Lair:1   | Reached skill level 17 in Axes
 13931 | Lair:2   | Found a staircase to the Swamp.
 14112 | Lair:2   | Found a staircase to the Snake Pit.
 14793 | Lair:3   | Noticed Urug
 14812 | Lair:3   | Killed Urug
 14884 | Lair:3   | Reached skill level 15 in Fighting
 15002 | Lair:3   | Received a gift from Trog
 16153 | Lair:5   | Found a gate leading to a gauntlet.
 16182 | Gauntlet | Entered a Gauntlet
 16182 | Gauntlet | Found a transporter.
 16182 | Gauntlet | Found a transporter.
 16182 | Gauntlet | Found a transporter.
 16194 | Gauntlet | Found a transporter.
 16218 | Gauntlet | Found a transporter.
 16228 | Gauntlet | Got an ivory mace
 16235 | Gauntlet | Found a transporter.
 16264 | Gauntlet | Found a transporter.
 16283 | Gauntlet | Found a transporter.
 16283 | Gauntlet | Noticed a cacodemon
 16286 | Gauntlet | Gained mutation: You are occasionally teleported next to
                  | monsters. [a neqoxec]
 16295 | Gauntlet | Killed a cacodemon
 16327 | Gauntlet | Identified a +0 pair of boots of running (You found it in a
                  | Gauntlet)
 16330 | Gauntlet | Found a transporter.
 16339 | Gauntlet | Lost mutation: You are occasionally teleported next to
                  | monsters. [potion of mutation]
 16339 | Gauntlet | Gained mutation: You have a pair of small horns on your
                  | head. [potion of mutation]
 16339 | Gauntlet | Gained mutation: You have sharp toenails. [potion of
                  | mutation]
 16373 | Gauntlet | Received a gift from Trog
 16385 | Gauntlet | Found the ring of Phasing {EV+8}
 16809 | Lair:5   | Found a viscous altar of Jiyva.
 16810 | Lair:5   | Found a staircase to the Slime Pits.
 17098 | Snake:1  | Entered Level 1 of the Snake Pit
 17152 | Snake:1  | Identified the cursed +0 mace "Jyfapiut" {freeze, rPois
                  | Str+5 Int-5} (You found it in a Gauntlet)
 17340 | Snake:1  | Reached XP level 16. HP: 108/108 MP: 21/21
 17705 | Snake:2  | Received a gift from Trog
 17861 | Snake:2  | Reached skill level 18 in Axes
 18374 | Snake:3  | Reached skill level 10 in Armour
 18468 | Snake:3  | Noticed a nagaraja
 18489 | Snake:3  | Killed a nagaraja
 18670 | Snake:3  | Noticed a nagaraja
 18680 | Snake:3  | Killed a nagaraja
 18941 | Snake:3  | Received a gift from Trog
 19214 | Snake:4  | Entered Level 4 of the Snake Pit
 19507 | Snake:4  | Received a gift from Trog
 19591 | Snake:4  | Noticed a nagaraja
 19604 | Snake:4  | Killed a nagaraja
 19655 | Snake:4  | Reached XP level 17. HP: 116/116 MP: 23/23
 19850 | Snake:4  | Reached skill level 19 in Axes
 19895 | Snake:4  | Received a gift from Trog
 20034 | Snake:4  | Got a serpentine rune of Zot
 20284 | Swamp:1  | Entered Level 1 of the Swamp
 20384 | Swamp:1  | Reached skill level 10 in Evocations
 20415 | Swamp:1  | Received a gift from Trog
 20714 | Swamp:1  | Found a transporter.
 20770 | Swamp:1  | Found a transporter.
 21000 | Swamp:1  | Got a fine helmet
 21004 | Swamp:1  | Got a scorched glass ring
 21007 | Swamp:1  | Identified the ring of Ruana {+Fly Int+3 Stlth+} (You found
                  | it on level 1 of the Swamp)
 21182 | Swamp:2  | Received a gift from Trog
 21824 | Swamp:3  | Reached XP level 18. HP: 121/124 MP: 13/25
 21865 | Swamp:3  | Reached skill level 20 in Axes
 22365 | Swamp:4  | Entered Level 4 of the Swamp
 22383 | Swamp:4  | Received a gift from Trog
 22723 | Swamp:4  | Got a decaying rune of Zot
 22742 | Swamp:4  | Reached skill level 5 in Dodging
 22743 | Swamp:4  | Received a gift from Trog
 23472 | Elf:1    | Entered Level 1 of the Elven Halls
 23579 | Elf:1    | Received a gift from Trog
 23707 | Elf:1    | Identified Roxanne's Incunabulum of Transformation
 23707 | Elf:1    | Noticed Roxanne
 23849 | Elf:1    | Killed Roxanne
 23965 | Elf:1    | Received a gift from Trog
 24131 | Elf:1    | Reached XP level 19. HP: 130/130 MP: 27/27
 24662 | Elf:2    | Found a runed translucent gate.
 24662 | Elf:2    | Found a runed translucent gate.
 24663 | Elf:2    | Found a runed translucent gate.
 24805 | Elf:2    | Got a twisted broad axe
 24814 | Elf:2    | Identified the cursed +3 broad axe of Defilement {chop,
                  | *Rage MR+++ Str-5 Dex+3} (You found it on level 2 of the
                  | Elven Halls)
 25059 | Elf:2    | Received a gift from Trog
 25091 | Elf:2    | Reached skill level 21 in Axes
 25237 | Elf:2    | Noticed Azrael
 25252 | Elf:2    | Killed Azrael
 25431 | Elf:3    | Entered Level 3 of the Elven Halls
 25447 | Elf:3    | Found a shimmering blue altar of Sif Muna.
 25528 | Elf:3    | Noticed a Brimstone Fiend
 25534 | Elf:3    | Noticed a Brimstone Fiend
 25542 | Elf:3    | Received a gift from Trog
 25545 | Elf:3    | Identified the +5 morningstar "Kiptops" {pain, rF+ rC+}
 25606 | Elf:3    | Cast into level 2 of the Abyss (a deep elf sorcerer)
 25651 | Abyss:3  | Reached skill level 1 in Stealth
 25772 | Abyss:3  | Found a corrupted altar of Lugonu.
 25830 | Abyss:3  | Reached skill level 5 in Stealth
 25868 | Abyss:3  | Received a gift from Trog
 26006 | Abyss:3  | Found a shattered altar of Ashenzari.
 26082 | Abyss:3  | Noticed a tentacled monstrosity
 26098 | Abyss:3  | Killed a tentacled monstrosity
 26100 | Abyss:3  | Reached XP level 20. HP: 95/137 MP: 21/29
 26152 | Abyss:3  | Noticed a bone dragon
 26172 | Abyss:4  | Found a corrupted altar of Lugonu.
 26247 | Abyss:4  | Paralysed by accursed screaming for 1 turns
 26324 | Abyss:4  | Received a gift from Trog
 26544 | Abyss:5  | Entered Level 5 of the Abyss
 26622 | Abyss:5  | Noticed a bone dragon
 26641 | Abyss:5  | Killed a bone dragon
 26771 | Abyss:5  | Found a transporter.
 26784 | Abyss:5  | Gained mutation: You have supernaturally acute eyesight.
                  | (SInv) [a cacodemon]
 26793 | Abyss:5  | Received a gift from Trog
 26822 | Abyss:5  | Noticed an ancient lich
 26836 | Abyss:5  | Noticed a Brimstone Fiend
 26844 | Abyss:5  | Killed an ancient lich
 26884 | Abyss:5  | Found a transporter.
 26896 | Abyss:5  | Got an abyssal rune of Zot
 26924 | Elf:3    | Escaped the Abyss
 26946 | Elf:3    | Identified the +10 flail "Dugg" {antimagic, +Blink}
 27024 | Elf:3    | Received a gift from Trog
 27041 | Elf:3    | Identified the +6 plate armour "Maaffano" {rElec rPois
                  | Str-5 Slay+5}
 27041 | Elf:3    | Identified the amulet "Cyroynti" {+Rage MR+ Str+3 Dex-2
                  | Slay+2}
 27057 | Elf:3    | Identified the Collected Works on Feathers and Flames
 27092 | Elf:3    | Identified the Guide on Excruciating Feathers
 27096 | Elf:3    | Identified the Handbook of Quantum Toxins
 27128 | Elf:3    | Got a heavily runed plate armour
 27130 | Elf:3    | Got a spiked plate armour
 27172 | Elf:3    | Identified the +2 plate armour of the Engineer {rC+ rN+
                  | MP+9 Dex+2} (You found it on level 3 of the Elven Halls)
 27182 | Elf:3    | Identified the +7 plate armour "Nabrasam" {rC+ rN+ rCorr
                  | Dex-5} (You found it on level 3 of the Elven Halls)
 27217 | Elf:3    | Got a faintly humming hat
 27223 | Elf:3    | Identified the +0 hat of the Skies Above {+Inv Regen+} (You
                  | acquired it on level 3 of the Elven Halls)
 27788 | Vaults:1 | Entered Level 1 of the Vaults
 27823 | Vaults:1 | Reached XP level 21. HP: 146/146 MP: 30/30
 27971 | Vaults:1 | Found Qupsyun's Antique Weapon Emporium.
 28344 | Vaults:1 | Noticed Nikola
 28360 | Vaults:1 | Killed Nikola
 28887 | Vaults:2 | Found a staircase to the Crypt.
 28898 | Vaults:2 | Received a gift from Trog
 29245 | Vaults:2 | Received a gift from Trog
 29597 | Vaults:2 | Reached skill level 22 in Axes
 30336 | Vaults:3 | Found Rateis's Armour Emporium.
 30526 | Vaults:3 | Received a gift from Trog
 30526 | Vaults:3 | Reached XP level 22. HP: 153/155 MP: 24/31
 31543 | Vaults:4 | Received a gift from Trog
 31630 | Vaults:4 | Noticed Agnes
 31630 | Vaults:4 | Noticed Asterion
 31641 | Vaults:4 | Killed Agnes
 31644 | Vaults:4 | Killed Asterion
 32026 | Vaults:4 | Received a gift from Trog
 32157 | Vaults:4 | Found Ynaem's Antique Weapon Shoppe.
 32339 | Vaults:4 | Gained mutation: Your magical capacity is low. (-10% MP) [a
                  | shining eye]
 32405 | Vaults:5 | Entered Level 5 of the Vaults
 32513 | Vaults:5 | Reached XP level 23. HP: 162/163 MP: 27/29
 32525 | Vaults:5 | Received a gift from Trog
 32643 | Vaults:5 | Received a gift from Trog
 32687 | Vaults:5 | Noticed an ancient lich
 32698 | Vaults:5 | Cast into level 5 of the Abyss (an ancient lich)
 32698 | Abyss:5  | Entered Level 5 of the Abyss
 32702 | Abyss:5  | Found a corrupted altar of Lugonu.
 32727 | Vaults:5 | Escaped the Abyss
 32755 | Vaults:5 | Killed an ancient lich
 32823 | Vaults:5 | Reached skill level 15 in Armour
 32873 | Vaults:5 | Received a gift from Trog
 32883 | Vaults:5 | Reached skill level 15 in Evocations
 32933 | Vaults:5 | Reached XP level 24. HP: 171/171 MP: 15/30
 32958 | Vaults:5 | Received a gift from Trog
 33032 | Vaults:5 | Got a silver rune of Zot
 33818 | Vaults:5 | Identified the ring of Ysmeamo {MP+9 Int+4} (You found it
                  | on level 5 of the Vaults)
 34048 | Depths:1 | Entered Level 1 of the Depths
 34125 | Depths:1 | Found a gateway to a ziggurat.
 34154 | Depths:1 | Reached skill level 23 in Axes
 34167 | Depths:1 | Found a gateway to Hell.
 34181 | Depths:1 | Found a flickering gateway to a bazaar.
 34206 | Bazaar   | Entered a bazaar
 34223 | Bazaar   | Found Qieg's Jewellery Shoppe.
 34227 | Bazaar   | Bought an uncursed amulet of regeneration for 450 gold
                  | pieces
 34238 | Bazaar   | Found Egiaheewk's Book Shoppe.
 34238 | Bazaar   | Found Cocemp's Antique Armour Emporium.
 34259 | Bazaar   | Found Vomebb's Gadget Emporium.
 34316 | Bazaar   | Bought the +0 mask of the Dragon {MR+ Slay+3 SInv} for 835
                  | gold pieces
 34316 | Bazaar   | Found the +0 mask of the Dragon {MR+ Slay+3 SInv}
 34400 | Depths:1 | Received a gift from Trog
 35013 | Depths:2 | Reached ****** piety under Trog
 35142 | Depths:2 | Paralysed by a sphinx for 2 turns
 35159 | Depths:2 | Reached skill level 5 in Shields
 35186 | Depths:2 | Received a gift from Trog
 35462 | Depths:2 | Reached XP level 25. HP: 177/180 MP: 28/30
 36069 | Depths:3 | Found a one-way gate leading to the halls of Pandemonium.
 36119 | Depths:3 | Noticed Boris
 36134 | Depths:3 | Killed Boris
 36225 | Depths:3 | Received a gift from Trog
 36331 | Depths:3 | Noticed Xtahua
 36343 | Depths:3 | Killed Xtahua
 36502 | Depths:3 | Paralysed by a floating eye for 2 turns
 36512 | Depths:3 | Noticed a juggernaut
 36538 | Depths:3 | Killed a juggernaut
 36578 | Depths:3 | Received a gift from Trog
 36687 | Depths:3 | Reached skill level 10 in Dodging
 37116 | Depths:4 | Reached XP level 26. HP: 188/188 MP: 26/30
 37246 | Depths:4 | Received a gift from Trog
 37312 | Depths:4 | Paralysed by a great orb of eyes for 5 turns
 37733 | Depths:4 | Identified the Tome of the Mutagenic Entourage
 37995 | Depths:4 | Found Xelacat's Gadget Shop.
 38018 | Depths:4 | Bought a wand of acid (6) for 440 gold pieces
 38105 | Depths:4 | Received a gift from Trog
 38205 | Depths:4 | Reached skill level 24 in Axes
 38371 | Depths:4 | Found a one-way gate to the infinite horrors of the Abyss.
 38485 | Depths:5 | Entered Level 5 of the Depths
 38528 | Depths:5 | Received a gift from Trog
 38770 | Depths:5 | Noticed Boris
 38784 | Depths:5 | Killed Boris
 39126 | Depths:5 | Reached skill level 25 in Axes
 39136 | Depths:5 | Found a gate to the Realm of Zot.
 39232 | Depths:5 | Found Weynwu's Gadget Boutique.
 39232 | Depths:5 | Found Assil's Food Shop.
 39233 | Depths:5 | Found Kikoavidgh's Distillery.
 39237 | Depths:5 | Bought a potion of brilliance for 56 gold pieces
 39237 | Depths:5 | Bought 2 potions of resistance for 280 gold pieces
 39237 | Depths:5 | Bought a potion of curing for 42 gold pieces
 39237 | Depths:5 | Bought a potion of heal wounds for 70 gold pieces
 39237 | Depths:5 | Bought a potion of haste for 140 gold pieces
 39237 | Depths:5 | Bought a potion of curing for 42 gold pieces
 39237 | Depths:5 | Found Tosycwar's Jewellery Boutique.
 39447 | Depths:5 | Bought an uncursed ring of resist corrosion for 360 gold
                  | pieces
 39849 | Slime:1  | Entered Level 1 of the Pits of Slime
 39916 | Slime:3  | Reached XP level 27. HP: 194/194 MP: 18/30
 39971 | Slime:5  | Entered Level 5 of the Pits of Slime
 40016 | Slime:5  | Found a viscous altar of Jiyva.
 40016 | Slime:5  | Noticed the Royal Jelly
 40093 | Slime:5  | Killed the Royal Jelly
 40113 | Slime:5  | Received a gift from Trog
 40261 | Slime:5  | Identified the +0 pair of gloves "Muyth" {rF- Str+4 Int+6
                  | Slay+3} (You found it on level 5 of the Pits of Slime)
 40295 | Slime:5  | Identified the Grimoire of Excruciating Poisoning
 40314 | Slime:5  | Got a slimy rune of Zot
 40348 | Slime:5  | Identified the +7 mace "Rarr" {crush, rElec Int+2} (You
                  | found it on level 5 of the Pits of Slime)
 40350 | Slime:5  | Identified a +0 pair of boots of running (You found it on
                  | level 5 of the Pits of Slime)
 40352 | Slime:5  | Identified the ring "Cybepion" {rC+ MR+ Dex+3} (You found
                  | it on level 5 of the Pits of Slime)
 41213 | Temple   | Entered the Ecumenical Temple
 41239 | Temple   | Fell from the grace of Trog
 41239 | Temple   | Became a worshipper of the Shining One
 41480 | Crypt:1  | Entered Level 1 of the Crypt
 41505 | Crypt:1  | Reached skill level 1 in Invocations
 41520 | Crypt:1  | Paralysed by a vampire knight for 5 turns
 41522 | Crypt:1  | Reached * piety under the Shining One
 41583 | Crypt:1  | Reached ** piety under the Shining One
 41591 | Crypt:1  | Reached skill level 5 in Invocations
 41678 | Crypt:1  | Reached *** piety under the Shining One
 41740 | Crypt:1  | Reached **** piety under the Shining One
 42018 | Crypt:1  | Reached ***** piety under the Shining One
 42636 | Crypt:2  | Reached skill level 10 in Invocations
 42718 | Crypt:2  | Noticed Boris
 42728 | Crypt:2  | Noticed Sojobo
 42736 | Crypt:2  | Killed Boris
 42736 | Crypt:2  | Reached ****** piety under the Shining One
 42753 | Crypt:2  | Killed Sojobo
 43153 | Crypt:3  | Entered Level 3 of the Crypt
 43547 | Crypt:3  | Identified the cursed +0 plate armour "Doess" {MR+} (You
                  | found it on level 3 of the Crypt)
 43676 | Crypt:3  | Found a staircase to the Tomb.
 43676 | Crypt:3  | Noticed an ancient lich
 43686 | Crypt:3  | Killed an ancient lich
 43809 | Crypt:3  | Found an ancient bone altar of Kikubaaqudgha.
 43821 | Crypt:3  | Noticed an ancient lich
 43829 | Crypt:3  | Killed an ancient lich
 43843 | Crypt:3  | Got a bound jade ring
 43843 | Crypt:3  | Got a clouded silver ring
 43849 | Crypt:3  | Identified the ring of Joruirae {rN+ Int+2 Dex+2} (You
                  | found it on level 3 of the Crypt)
 43850 | Crypt:3  | Identified the ring of Yviut {rPois rF+ rN+} (You found it
                  | on level 3 of the Crypt)
 44561 | Crypt:3  | Reached skill level 15 in Invocations
 44591 | Crypt:3  | Learned a level 2 spell: Blink
 44593 | Crypt:3  | Learned a level 1 spell: Apportation
 44600 | Crypt:3  | Learned a level 6 spell: Deflect Missiles
 44603 | Crypt:3  | Learned a level 2 spell: Passwall
 44608 | Crypt:3  | Learned a level 4 spell: Passage of Golubria
 44797 | Hell     | Entered the Vestibule of Hell
 44808 | Hell     | Noticed Geryon
 44822 | Hell     | Noticed Murray
 44827 | Hell     | Killed Geryon
 44868 | Hell     | Killed Murray
 44954 | Hell     | Identified a +9 executioner's axe of holy wrath (a +9
                  | executioner's axe of protection blessed by the Shining One)
 44954 | Hell     | Received a gift from the Shining One
 45008 | Hell     | Found a gateway to the ashen valley of Gehenna.
 45052 | Hell     | Found a gateway to the decaying netherworld of Tartarus.
 45102 | Hell     | Found a gateway to the freezing wastes of Cocytus.
 45142 | Hell     | Found a gateway to the Iron City of Dis.
 45203 | Tar:1    | Entered Level 1 of Tartarus
 45364 | Tar:3    | You are sucked into a shaft and drop 1 floor!
 45399 | Tar:5    | You are sucked into a shaft and drop 1 floor!
 45510 | Tar:7    | Entered Level 7 of Tartarus
 45516 | Tar:7    | Reached skill level 26 in Axes
 45707 | Tar:7    | Got an ancient lapis lazuli ring
 45708 | Tar:7    | Identified the ring of Rideakiu {+Fly rC+} (You found it on
                  | level 7 of Tartarus)
 45768 | Tar:7    | Gained mutation: You are dopey. (Int -2) [mutagenic glow]
 45794 | Tar:7    | Noticed an ancient lich
 45801 | Tar:7    | Killed an ancient lich
 45841 | Tar:7    | Gained mutation: Your body sometimes deteriorates upon
                  | taking damage. [mutagenic glow]
 45931 | Tar:7    | Gained mutation: You are surrounded by a mild repulsion
                  | field. (EV +2) [mutagenic glow]
 46003 | Tar:7    | Reached skill level 1 in Translocations
 46006 | Tar:7    | Identified the +11 mace "Vothrytedgh" {crush, rC+ Str+3
                  | Int-5} (You found it on level 7 of Tartarus)
 46041 | Tar:7    | Identified the Grimoire of the Old World
 46061 | Tar:7    | Identified the Papyrus of Evil Magic and Execration
 46081 | Tar:7    | Noticed an ancient lich
 46093 | Tar:7    | Killed an ancient lich
 46314 | Tar:7    | Reached skill level 1 in Spellcasting
 46348 | Tar:7    | Reached skill level 5 in Translocations
 46370 | Tar:7    | Noticed Ereshkigal
 46395 | Tar:7    | Killed Ereshkigal
 46405 | Tar:7    | Got a bone rune of Zot
 46575 | Coc:1    | Entered Level 1 of Cocytus
 46787 | Coc:3    | You are sucked into a shaft and drop 1 floor!
 47081 | Coc:5    | Reached skill level 5 in Spellcasting
 47147 | Coc:7    | Entered Level 7 of Cocytus
 47461 | Coc:7    | Identified the Volume of the Fetching Rocks
 47695 | Coc:7    | Identified the cursed +2 hand axe of Myczul {chop, rElec
                  | rN+ Int+5 SInv}
 47718 | Coc:7    | Noticed Antaeus
 47720 | Coc:7    | Paralysed by Trog for 3 turns
 47727 | Coc:7    | Identified the cursed -1 large shield of Mumblety Peg
                  | {-Tele Slay+3 Stlth+}
 47729 | Coc:7    | HP: 1/194 [Antaeus/+0 trident (9)]
 47732 | Coc:7    | Demolished by Antaeus

Levels and vault maps discovered:
D:1:      minmay_arrival_arboretum_small, layout_basic, minmay_misc_feat_room,
          minmay_bisected
D:2:      minmay_recursive_quarters, layout_rooms, xom_teletrap_fun,
          first_ration, bh_walls_and_bars
D:3:      layout_basic, serial_glass, glass_columns_a, glass_columns_c,
          glass_columns_c, glass_columns_a
D:4:      layout_basic, grunt_ministairs_12
D:5:      layout_loops_ring, kennysheep_mini, nicolae_overflow_crystal_walls,
          minmay_temple_entry_large_hall, serial_shops, kennysheep_little_box,
          grunt_ministairs_1
D:6:      layout_cave_pods, grunt_qazlal_clouds, vehumet_crystals
D:7:      layout_basic
D:8:      layout_cave_pools
D:9:      layout_small_grid, nicolae_ashenzari_panopticon, erik_lair_dragon,
          special_room [special_room_orc], hangedman_fish_farm, uniq_pikel
D:10:     layout_roguey, erik_orc_2
D:11:     layout_loops_ring, enter_bailey_7
D:12:     layout_rooms
D:13:     layout_basic, david_vaults_3, dk_noncrumbling_2
D:14:     layout_roguey, serial_shops, nicolae_shop_crystal, abandoned_shop,
          uniq_rupert
D:15:     hangedman_depths_entry_civil_slaughter, layout_loops_cross,
          chequers_decorated_corner
Temple:   nicolae_temple_elliptical
Lair:1:   layout_regular_city, gammafunk_ghost_hive
Lair:2:   layout_regular_city, skrybe_swamp_entry_bodies,
          guppyfry_snake_entry_island, lemuel_fruit_tree
Lair:3:   wad_woods_structure_01, layout_gridlike, uniq_urug
Lair:4:   layout_cave_shapes, serial_bayou_lagoon_b
Lair:5:   layout_gridlike, slime_altar_1, gauntlet_entry_generic
Swamp:1:  gammafunk_worm_tunnel, layout_basic_swamp, hangedman_swamp_ruin_wall,
          swamp_pool1
Swamp:2:  layout_falls_marsh, evilmike_swamp_ruin_house_6
Swamp:3:  layout_falls_marsh, serial_swamp_ruin, evilmike_swamp_ruin_house_2,
          evilmike_swamp_ruin_house_1
Swamp:4:  swamp_fiery, layout_basic_swamp
Snake:1:  layout_rooms
Snake:2:  layout_misc_corridors, grunt_ministairs_11, abandoned_shop
Snake:3:  layout_cave_town, grunt_ministairs_5
Snake:4:  minmay_snake_end_coiled, layout_gridlike
Slime:1:  layout_caves
Slime:2:  layout_caves, nicolae_slime_phagocytosis
Slime:3:  layout_caves
Slime:4:  layout_caves
Slime:5
Orc:1:    layout_diamond_mine
Orc:2:    st_orc_elflike, layout_caves, serial_shops, shop, shop, shop,
          uniq_josephine, uniq_maurice
Elf:1:    eino_elf_arrival_customs, layout_loops_cross, minivault_28,
          uniq_agnes, uniq_roxanne
Elf:2:    layout_onion_city, uniq_azrael
Elf:3:    grunt_elf_hall_asides, layout_geoelf_octagon, basic_altar
Vaults:1: vaults_dpeg_doors, grunt_vaults_hallway_long, grunt_vaults_trifunnel,
          hangedman_vaults_cutoff, nicolae_vaults_angled_halls,
          nicolae_vaults_sealed_display, hangedman_vaults_nodes,
          vaults_room_semicircle, grunt_vaults_hallway_short,
          nicolae_vaults_little_squares_1, vaults_dpeg_cross,
          hangedman_vaults_impose, grunt_vaults_hallway_long,
          layout_vaults_maze, serial_shops, shop, uniq_nikola
Vaults:2: v_pattern_5, v_misc_11, v_alt_pattern_2, hangedman_vaults_cutoff,
          v_misc_22, nicolae_vaults_three_branches, v_misc_32,
          nicolae_vaults_angled_halls, minmay_crypt_entry_simple_corners,
          vaults_room_hallway, vaults_mumra_chevron,
          nicolae_vaults_little_squares_1, layout_vaults_omnicross
Vaults:3: vaults_mumra_hexcomb, v_rooms_4, nicolae_vaults_network_star,
          vaults_room_ringed_pool, nicolae_vaults_big_angled_halls,
          nicolae_vaults_angled_halls, hangedman_vaults_cutoff, v_misc_3,
          nicolae_vaults_theta, layout_vaults_omnigrid, serial_shops,
          nicolae_shop_crystal
Vaults:4: hangedman_vaults_corner_blocks, ontoclasm_vaults_bender, v_misc_26,
          sword_in_stone, nicolae_vaults_yaktaur_gun_rack, vaults_room_pool,
          vaults_dpeg_encased_lava, layout_vaults_big_room, serial_shops,
          shop_statue
Vaults:5
Crypt:1:  layout_chaotic_city, grunt_megastairs_4
Crypt:2:  layout_chaotic_city, small_statue_intersection, grunt_megastairs_1,
          uniq_sojobo
Crypt:3:  quadcrypt_mu
Depths:1: layout_cave_shapes, enter_ziggurat_a, serial_shops, bzr_entry_water,
          hell_entry, serial_bayou_pond_c, minmay_misc_feat_rugged,
          minmay_door_square, st_stairs_12, minmay_misc_feat_iff,
          kilobyte_rumbling_trees
Depths:2: minmay_blocking_statues, layout_gridlike, hell_entry, st_stairs_14
Depths:3: nicolae_legendary_halls, layout_twisted_cross, grunt_mini_vestibule,
          rand_demon_pan_entry_8, kennysheep_big_empty_room, uniq_boris,
          uniq_xtahua, uniq_asterion
Depths:4: gold_lair_mu, layout_gridlike, grunt_hell_entry_dis_old,
          marbit_kobold_abyss_entry, minmay_misc_feat_more_columns,
          serial_shops, shop, minmay_staircase_statues, grunt_megastairs_3,
          serial_bayou_shore_b
Depths:5: evilmike_zot_entry_basic, layout_basic, abyss_entry,
          serial_sigils_hangedman_carve, pf_hell_entry_tar_spiral,
          minmay_shoptagon
Hell
Coc:1:    layout_cocytus_water_paths, serial_ice
Coc:2:    layout_cocytus_water_paths
Coc:3:    layout_ice_bergs
Coc:4:    layout_ice_bergs
Coc:5:    layout_ice_bergs
Coc:6:    layout_cocytus_water_paths
Coc:7:    coc_grunt
Tar:1:    layout_honeycomb
Tar:2:    layout_grid_maze, nicolae_tar_cuneiform_sun
Tar:3:    layout_catacombs, nicolae_tar_cuneiform_bread
Tar:4:    layout_grid_maze
Tar:5:    layout_cathedral_of_symmetry
Tar:6:    layout_grid_maze
Tar:7:    tar_grunt, tar_grunt_ereshkigal, tar_grunt_big_loot,
          tar_grunt_small_loot, tar_grunt_small_loot, tar_grunt_small_loot,
          tar_grunt_decor_cross_diag, tar_grunt_small_decor_pillar,
          tar_grunt_decor_4, tar_grunt_decor_circle_5,
          tar_grunt_small_decor_pillar, tar_grunt_small_decor_pillar,
          tar_grunt_small_decor_pillar, tar_grunt_decor_octagon_7,
          tar_grunt_decor_4, tar_grunt_decor_8, tar_grunt_decor_octagon_7,
          tar_grunt_small_decor_pillar, tar_grunt_small_decor_pillar,
          tar_grunt_decor_octagon_7, tar_grunt_small_decor_pillar

Skill      XL: |  1  2  3  4  5  6  7  8  9 10 11 12 13 14 15 16 17 18 19 20 21 22 23 24 25 26 27 |
---------------+----------------------------------------------------------------------------------+-----
Axes           | 3 4 5 6 8 9 10 11 13 15 16 17 18 19 20 21 22 23 25 26 | 26.0
Dodging        | 2 4 6 7 8 10 | 10.0
Fighting       | 4 5 6 7 8 9 10 11 13 14 15 16 17 18 20 21 22 23 24 25 | 25.6
Armour         | 3 4 6 8 9 10 11 13 14 15 16 18 20 | 20.0
Evocations     | 3 6 7 9 10 11 12 13 15 | 15.1
Shields        | 4 5 |  5.0
Stealth        | 5 |  5.0
Invocations    | 23 | 23.8
Translocations | 5 |  5.0
Spellcasting   | 5 |  5.0

Action                   |  1- 3 |  4- 6 |  7- 9 | 10-12 | 13-15 | 16-18 | 19-21 | 22-24 | 25-27 || total
-------------------------+-------+-------+-------+-------+-------+-------+-------+-------+-------++-------
Melee: Hand axe          |    90 |   195 |    66 |       |       |   100 |       |       |       ||   451
       Dagger            |       |       |   356 |    95 |       |       |       |       |       ||   451
       Battleaxe         |       |       |    30 |   125 |       |       |       |       |    12 ||   167
       War axe           |       |       |    12 |       |   840 |  1217 |  1405 |  1197 |  1177 ||  5848
       Broad axe         |       |       |       |   413 |   138 |       |       |       |   701 ||  1252
       Trident           |       |       |       |    11 |    34 |       |       |       |       ||    45
       Headbutt          |       |       |       |       |    27 |   282 |   340 |   317 |   669 ||  1635
       Executioner's axe |       |       |       |       |       |       |       |       |   894 ||   894
Invok: Berserk           |     2 |     3 |     9 |    14 |     8 |     5 |     6 |     5 |     4 ||    56
       Trog's Hand       |       |     1 |     2 |     7 |     7 |     7 |    21 |     7 |     9 ||    61
       Brothers in Arms  |       |       |       |       |     1 |     1 |     2 |       |       ||     4
       Cleansing Flame   |       |       |       |       |       |       |       |       |    29 ||    29
       Divine Shield     |       |       |       |       |       |       |       |       |     2 ||     2
       Summon Divine War |       |       |       |       |       |       |       |       |     2 ||     2
       Brand Weapon With |       |       |       |       |       |       |       |       |     1 ||     1
 Abil: Fly               |       |       |       |       |       |     1 |       |       |       ||     1
       Evoke Berserk Rag |       |       |       |       |       |       |       |       |     6 ||     6
Evoke: Wand              |       |       |       |    11 |     2 |     1 |     3 |     2 |    11 ||    30
       Lightning rod     |       |       |       |       |       |       |       |       |     1 ||     1
  Use: Scroll            |       |       |     9 |     7 |    17 |    12 |    12 |     5 |    31 ||    93
       Potion            |       |       |       |       |     2 |       |     5 |     3 |     5 ||    15
 Stab: Sleeping          |     1 |       |       |       |       |       |       |       |       ||     1
       Confused          |       |       |       |       |       |     2 |       |       |       ||     2
       Invisible         |       |       |       |       |       |       |     1 |    12 |       ||    13
       Distracted        |       |       |       |       |       |       |       |     1 |       ||     1
  Eat: Chunk             |       |     8 |    20 |    33 |    33 |    16 |    20 |    13 |    12 ||   155
       Ration            |       |       |     2 |       |     1 |     4 |     5 |     3 |    16 ||    31
Armor: Animal skin       |    20 |    56 |       |       |       |       |       |       |       ||    76
       Chain mail        |       |    58 |   122 |       |       |       |       |       |       ||   180
       Plate armour      |       |       |    75 |   287 |   421 |   199 |       |       |       ||   982
       Crystal plate arm |       |       |       |       |       |   449 |   497 |   861 |   353 ||  2160
       Skin              |       |       |       |       |       |     1 |       |       |       ||     1
       Gold dragon scale |       |       |       |       |       |       |       |       |  1236 ||  1236
Dodge: Dodged            |    55 |   122 |   386 |   452 |   607 |  1002 |   826 |  1136 |  1999 ||  6585
       Deflected         |       |       |       |       |       |       |       |       |    12 ||    12
Block: Shield            |       |       |       |   145 |   129 |       |       |       |       ||   274
       Buckler           |       |       |       |       |   193 |   467 |   340 |   434 |   575 ||  2009
       Other             |       |       |       |       |       |       |       |       |    29 ||    29

Table legend:
 A = Non-vault XP
 B = Vault XP
 C = Vault XP percentage of total XP
 D = Non-vault monster count
 E = Vault monster count
 F = Vault count percentage of total count
                 A         B        C        D         E       F
            +---------+---------+-------+---------+---------+-------
      Total | 1085620 |  813678 |  42.8 |    1993 |     932 |  31.9
            +---------+---------+-------+---------+---------+-------
        D:1 |      50 |       3 |   5.7 |      22 |       2 |   8.3
        D:2 |     204 |     130 |  38.9 |      15 |       7 |  31.8
        D:3 |     243 |       0 |   0.0 |      29 |       0 |   0.0
        D:4 |     275 |      72 |  20.7 |       8 |       2 |  20.0
        D:5 |     769 |     131 |  14.6 |      29 |       6 |  17.1
        D:6 |     751 |       0 |   0.0 |      19 |       0 |   0.0
        D:7 |    1504 |       0 |   0.0 |      23 |       0 |   0.0
        D:8 |    2465 |       0 |   0.0 |      27 |       0 |   0.0
        D:9 |    1696 |    2491 |  59.5 |      32 |      33 |  50.8
       D:10 |    2314 |     678 |  22.7 |      30 |      21 |  41.2
       D:11 |    4435 |      32 |   0.7 |      35 |       4 |  10.3
       D:12 |    4304 |       0 |   0.0 |      18 |       0 |   0.0
       D:13 |    4662 |    6188 |  57.0 |      17 |      20 |  54.1
       D:14 |    7658 |    3079 |  28.7 |      31 |       1 |   3.1
       D:15 |   17915 |    5534 |  23.6 |      52 |       6 |  10.3
     Lair:1 |    2659 |       0 |   0.0 |      13 |       0 |   0.0
     Lair:2 |    3267 |     840 |  20.5 |      12 |       4 |  25.0
     Lair:3 |    6132 |    1775 |  22.4 |      27 |       7 |  20.6
     Lair:4 |    2309 |       0 |   0.0 |      10 |       0 |   0.0
     Lair:5 |    9713 |       0 |   0.0 |      34 |       0 |   0.0
    Swamp:1 |   15147 |    1611 |   9.6 |      37 |      10 |  21.3
    Swamp:2 |   11221 |       0 |   0.0 |      34 |       0 |   0.0
    Swamp:3 |   14450 |       0 |   0.0 |      26 |       0 |   0.0
    Swamp:4 |   17339 |   12490 |  41.9 |      38 |      28 |  42.4
    Snake:1 |    8243 |       0 |   0.0 |      17 |       0 |   0.0
    Snake:2 |    7712 |    2455 |  24.1 |      19 |       5 |  20.8
    Snake:3 |   22317 |     628 |   2.7 |      34 |       2 |   5.6
    Snake:4 |   19525 |   26267 |  57.4 |      38 |      45 |  54.2
    Slime:1 |    2296 |       0 |   0.0 |       1 |       0 |   0.0
    Slime:2 |    6166 |       0 |   0.0 |       9 |       0 |   0.0
    Slime:3 |    1976 |       0 |   0.0 |       1 |       0 |   0.0
    Slime:4 |    5146 |       0 |   0.0 |       3 |       0 |   0.0
    Slime:5 |    9024 |   35145 |  79.6 |      13 |      14 |  51.9
      Orc:1 |    3304 |    1312 |  28.4 |      29 |       2 |   6.5
      Orc:2 |    4511 |    9229 |  67.2 |      34 |      28 |  45.2
      Elf:1 |   23821 |   13283 |  35.8 |      38 |      19 |  33.3
      Elf:2 |   12263 |   22429 |  64.7 |      19 |      33 |  63.5
      Elf:3 |    7884 |   31793 |  80.1 |      16 |      25 |  61.0
   Vaults:1 |   33736 |   13308 |  28.3 |      67 |      20 |  23.0
   Vaults:2 |   14693 |   26540 |  64.4 |      28 |      46 |  62.2
   Vaults:3 |   29545 |   21347 |  41.9 |      33 |      28 |  45.9
   Vaults:4 |   36899 |   17576 |  32.3 |      53 |      13 |  19.7
   Vaults:5 |   69837 |  119689 |  63.2 |      95 |      84 |  46.9
    Crypt:1 |   46317 |    8788 |  15.9 |      62 |      11 |  15.1
    Crypt:2 |   24439 |   13083 |  34.9 |      32 |       7 |  17.9
    Crypt:3 |       0 |   68626 | 100.0 |       0 |      81 | 100.0
   Depths:1 |   26968 |    2349 |   8.0 |      32 |       5 |  13.5
   Depths:2 |   53062 |   26685 |  33.5 |      60 |      19 |  24.1
   Depths:3 |   46570 |   73445 |  61.2 |      47 |      41 |  46.6
   Depths:4 |   53306 |   31024 |  36.8 |      51 |      31 |  37.8
   Depths:5 |   51791 |   15916 |  23.5 |      38 |       8 |  17.4
       Hell |   16502 |   35185 |  68.1 |      24 |      51 |  68.0
      Coc:1 |   12669 |       0 |   0.0 |      28 |       0 |   0.0
      Coc:2 |    9537 |       0 |   0.0 |      19 |       0 |   0.0
      Coc:3 |     349 |       0 |   0.0 |       1 |       0 |   0.0
      Coc:4 |    8030 |       0 |   0.0 |      17 |       0 |   0.0
      Coc:5 |   25051 |       0 |   0.0 |      45 |       0 |   0.0
      Coc:6 |    2192 |       0 |   0.0 |       5 |       0 |   0.0
      Coc:7 |   60100 |   44955 |  42.8 |      66 |      46 |  41.1
      Tar:1 |    4535 |       0 |   0.0 |       4 |       0 |   0.0
      Tar:2 |   11761 |       0 |   0.0 |      23 |       0 |   0.0
      Tar:3 |      11 |       0 |   0.0 |       1 |       0 |   0.0
      Tar:5 |    3509 |       0 |   0.0 |       9 |       0 |   0.0
      Tar:6 |   13795 |       0 |   0.0 |      31 |       0 |   0.0
      Tar:7 |   96173 |   81885 |  46.0 |     103 |      28 |  21.4
    Abyss:3 |   32855 |    2907 |   8.1 |      61 |       6 |   9.0
    Abyss:4 |   14704 |    2210 |  13.1 |      42 |       4 |   8.7
    Abyss:5 |   21014 |   21471 |  50.5 |      27 |      24 |  47.1
     Bailey |       0 |    3209 | 100.0 |       0 |      42 | 100.0
   Gauntlet |       0 |    5885 | 100.0 |       0 |      13 | 100.0
            +---------+---------+-------+---------+---------+-------
